 Dungeon Crawl Stone Soup version 0.28-a0-1447-ga5a8893891 (webtiles) character file.

Game seed: 12345601117914493618

58 fragbeetle the Digger (level 4, -15/25 HPs)
             Began as a Gargoyle Earth Elementalist on Jan 12, 2022.
             Killed by divine providence
             ... invoked by an orc priest
              (17 damage)
             ... on level 3 of the Dungeon.
             The game lasted 00:04:07 (2191 turns).

fragbeetle the Digger (Gargoyle Earth Elementalist) Turns: 2191, Time: 00:04:07

Health: -15/25     AC:  5    Str: 12    XL:     4   Next: 1%
Magic:  4/7        EV: 27    Int: 17    God:
Gold:   117        SH:  0    Dex: 10    Spells: 3/7 levels left

rFire   . . .      SeeInvis .   f - +0 whip (venom)
rCold   . . .      Faith    .   (no shield)
rNeg    + . .      Spirit   .   b - +0 robe
rPois   ∞          Reflect  .   (no helmet)
rElec   +          Harm     .   (no cloak)
rCorr   .          Rampage  .   (no gloves)
Will    .....                   (no boots)
Stlth   ++........              l - amulet of the acrobat
HPRegen 0.08/turn               (no ring)
MPRegen 0.10/turn               (no ring)

@: acrobatic
A: sickness immunity, AC +3, negative energy resistance 1, electricity
resistance, torment resistance 1, petrification resistance
a: no special abilities


You were on level 3 of the Dungeon.
You visited 1 branch of the dungeon, and saw 3 of its levels.

You collected 117 gold pieces.

Inventory:

Hand Weapons
 e - a +0 club
 f - a +0 whip of venom (weapon)
Missiles
 c - 48 stones
 d - 45 poisoned darts
Armour
 b - a +0 robe (worn)
Jewellery
 h - an amulet of guardian spirit
 l - an amulet of the acrobat (around neck)
Wands
 o - a wand of flame (21)
Scrolls
 a - a scroll of amnesia {unknown}
 g - 2 scrolls of identify {unknown}
 i - a scroll of vulnerability {unknown}
 k - 2 scrolls of magic mapping {unknown}
 n - a scroll of enchant armour {unknown}
Potions
 j - a potion of curing {unknown}
 m - a potion of attraction {unknown}


   Skills:
 + Level 1.5 Fighting
 + Level 2.1 Dodging
 - Level 2.1 Stealth
 - Level 2.0 Spellcasting
 - Level 1.0 Transmutations
 * Level 4.8 Earth Magic


You had 3 spell levels left.
You knew the following spells:

 Your Spells              Type           Power      Damage    Failure   Level
a - Sandblast             Erth           36%        2d10      2%          1
b - Stone Arrow           Conj/Erth      18%        3d8       22%         3

Your spell library contained the following spells:

 Spells                   Type           Power      Damage    Failure   Level
 Passwall                 Tmut/Erth      9%         N/A       9%          2
 Sting                    Tmut/Pois      12%        1d3       16%         1
 Poisonous Vapours        Pois/Air       2%         N/A       28%         2
 Petrify                  Tmut/Erth      11%        N/A       50%         4
 Olgreb's Toxic Radiance  Pois           1%         N/A       88%         4


Dungeon Overview and Level Annotations

Branches:
Dungeon (3/15)

Altars:
Xom

Annotations:
D:3 1 transporter, diblex's ghost, weakling DgTm


Innate Abilities, Weirdness & Mutations

You are immune to sickness and miasma.
Your stone body is resilient. (AC +3)
You are immune to poison.
You resist negative energy. (rN+)
You are resistant to electric shocks. (rElec)
You are resistant to unholy torment.
You are immune to petrification.


Message History

You start resting.
Magic restored.
You start resting.
HP restored.
Found a transporter.
Found a brass wand.
Press: ? - help, v - describe, . - travel
Here: diblex's ghost, wielding a weapon of electrocution (fire blocked by a translucent stone wall)
A transporter.
Unknown command.
Unknown command.
Found a stone staircase leading up.
Found a whip.
The quasit gives a chilling moan.
The quasit gives a chilling moan.
You hear a chilling moan.
o - a wand of flame (21)
An orc priest comes into view. It is wielding a +0 hand axe.
The orc priest invokes the aid of Beogh against you.
Beogh smites you!
Ouch! That really hurt!
You hear a shout! x2
An orc comes into view. It is wielding a +0 club.
An orc comes into view. It is wielding a +0 flail.
Casting: Sandblast (safe; 2% risk of failure)
Confirm with . or Enter, or press ? or * to list all spells.
The spell is extremely dangerous to miscast (22% risk of failure)!
Continue anyway?
Aiming: Stone Arrow (extremely dangerous; 22% risk of failure)
Press: ? - help, Shift-Dir - straight line, f - orc priest
Aim: an orc priest, wielding a +0 hand axe (64% to hit)
The stone arrow misses the orc priest.
You hear a shout!
The orc priest invokes the aid of Beogh against you.
Beogh smites you!
* * * LOW HITPOINT WARNING * * *
An orc priest comes into view. It is wielding a +0 whip.
An orc priest breaks down the door.
The orc priest invokes the aid of Beogh against you.
Beogh smites you!
Ouch! That really hurt!
You die...

..... ... ...o.. ..o..
#'#oo .. #.#o# .#..
########.#.# ....
.......#.#.###+#+#....
#..@..........<..
#..###.........# ....
#####.....+ ....
..W..##....# ...
#..#....##...##### ..
#.#...#).5#........ .
# . .##..##....####
#.#5..#.#©....+ # #..
.##....#


You could see an orc priest.

Vanquished Creatures
  An ufetubus (D:3)
  3 worms (D:2)
  2 dart slugs
  2 ball pythons
  3 endoplasms (D:1)
  A giant cockroach (D:1)
  5 goblins
  A hobgoblin (D:2)
  3 kobolds
  2 quokkas
  4 bats
  4 frilled lizards
  10 rats
41 creatures vanquished.

Vanquished Creatures (others)
  A plant (D:3)
1 creature vanquished.

Grand Total: 42 creatures vanquished

Notes
Turn   | Place    | Note
-------+----------+-------------------------------------------
     0 | D:1      | fragbeetle the Gargoyle Earth Elementalist began the quest
                  | for the Orb.
     0 | D:1      | Reached XP level 1. HP: 10/10 MP: 3/3
   287 | D:1      | Reached skill level 1 in Transmutations
   287 | D:1      | Reached XP level 2. HP: 11/16 MP: 5/5
   288 | D:1      | Reached skill level 4 in Earth Magic
   941 | D:1      | Reached skill level 1 in Fighting
   964 | D:1      | Found a faded altar of an unknown god.
   965 | D:1      | Noticed a shining eye
   971 | D:1      | Noticed a golden eye
   975 | D:1      | Noticed a great orb of eyes
   975 | D:1      | Noticed a golden eye
  1208 | D:2      | Reached XP level 3. HP: 20/20 MP: 4/6
  1384 | D:2      | Learned a level 3 spell: Stone Arrow
  1410 | D:2      | Found a shimmering altar of Xom.
  1956 | D:3      | Reached XP level 4. HP: 9/25 MP: 4/7
  2161 | D:3      | Found a transporter.
  2161 | D:3      | Noticed diblex's ghost (weakling DgTm)
  2191 | D:3      | Killed from afar by an orc priest

Illustrated notes

Levels and vault maps discovered:
D:1:      saegor_arrival_simple_d, layout_rooms,
          hellmonk_ecumenical_altar_watching_god, bh_walls_and_bars
D:2:      layout_rooms, basic_altar, minmay_misc_feat_columns
D:3:      corexii_shack_village, layout_basic, nicolae_dithmenos_shadow_blocks,
          overflow_temple_1_default, gammafunk_ghost_stat_death, serial_glass,
          glass_columns_b, glass_columns_c, minmay_strange_pillars,
          feat_on_display, uniq_natasha

Skill      XL: |  1  2  3 |
---------------+----------+-----
Transmutations | 1 |  1.0
Earth Magic    | 4 |  4.8
Fighting       | 1 |  1.5
Dodging        | 2 |  2.1
Stealth        | |  2.1
Spellcasting   | |  2.0

Action                   |  1- 3 |  4- 6 || total
-------------------------+-------+-------++-------
Melee: Unarmed           |    39 |       ||    39
       Whip              |    65 |       ||    65
       Club              |    10 |       ||    10
       Punch             |     1 |       ||     1
 Cast: Sandblast         |    19 |       ||    19
       Stone Arrow       |       |     1 ||     1
 Stab: Sleeping          |     3 |       ||     3
Armor: Robe              |    32 |       ||    32
Dodge: Dodged            |    64 |       ||    64

Table legend: (Time is in decaauts)
 A = Elapsed time spent in this place.
 B = Non-inter-level travel time spent in this place.
 C = Inter-level travel time spent in this place.
 D = Time resting spent in this place.
 E = Time spent auto-exploring this place.
 F = Levels seen in this place.
 G = Mean time per level.
                   A        B        C        D        E       F      G
               +--------+--------+--------+--------+--------+-----+--------+
         Total |   2199 |   2173 |     26 |    826 |    875 |   3 |  733.0 |
       Dungeon |   2199 |   2173 |     26 |    826 |    875 |   3 |  733.0 |
               +--------+--------+--------+--------+--------+-----+--------+

Top non-repeatable levels by time:
     D:1: 1209 daAuts
     D:2: 742 daAuts
     D:3: 247 daAuts
